 Dungeon Crawl Stone Soup version 0.21-a0-221-gfe971b9 (webtiles) character file.

11 Gorglomux the Digger (level 2, -3/24 HPs)
             Began as a Hill Orc Earth Elementalist on Aug 25, 2017.
             Slain by a kobold
             ... wielding a +0 whip
              (8 damage)
             ... on level 1 of the Dungeon.
             The game lasted 00:02:21 (173 turns).

Gorglomux the Digger (Hill Orc Earth Elementalist)   Turns: 173, Time: 00:02:21

Health: -3/24      AC:  2    Str: 10    XL:     2   Next: 29%
Magic:  1/4        EV: 12    Int: 15    God:
Gold:   0          SH:  0    Dex: 11    Spells: 3/4 levels left

rFire    . . .     SeeInvis .   (no weapon)
rCold    . . .     Gourm    .   (no shield)
rNeg     . . .     Faith    .   c - +0 robe
rPois    .         Spirit   .   (no helmet)
rElec    .         Reflect  .   (no cloak)
rCorr    .         Harm     .   (no gloves)
MR       .....                  (no boots)
Stlth    ++........             (no amulet)
HPRegen  0.08/turn              (no ring)
MPRegen  0.09/turn              (no ring)

@: no status effects
A: no striking features
a: no special abilities


You were on level 1 of the Dungeon.
You were not hungry.

You visited 1 branch of the dungeon, and saw 1 of its levels.

Inventory:

Hand Weapons
 f - a +0 whip
Missiles
 b - 15 stones (quivered)
Armour
 c - a +0 robe (worn)
Books
 e - a book of Geomancy

   Spells                             Type                      Level
   a - Sandblast                      Earth                        1
   b - Passwall                       Transmutation/Earth          2
   c - Stone Arrow                    Conjuration/Earth            3
   d - Petrify                        Transmutation/Earth          4
   e - Lee's Rapid Deconstruction     Earth                        5
Comestibles
 d - a bread ration


   Skills:
 + Level 2.3 Fighting
 - Level 1.5 Dodging
 - Level 1.5 Stealth
 - Level 1.5 Spellcasting
   Level 0.6 Transmutations
 - Level 3.0 Earth Magic


You had 3 spell levels left.
You knew the following spells:

 Your Spells              Type           Power        Failure   Level  Hunger
a - Sandblast             Erth           ##....       7%          1    ##.....


Dungeon Overview and Level Annotations

Branches:
Dungeon (1/15)

Altars:


Message History

The hobgoblin hits you but does no damage!
The hobgoblin butts you with a club! * * * don't die
* * *
Found 10 gold pieces!
Casting: Sandblast
Confirm with ! or Enter, or butts ? or * to list all spells!
Aiming: Sandblast
Press: ? - help, Shift-Dir - straight line, f - hobgoblin
Aim: a butt, wielding a club (almost dead)
The blast of sand butts the hobgoblin!
You annihilate the hobgoblin!!! butt - 15 stones Saving game!!! please wait!
Welcome back, Gorglomux the Hill Orc Earth Elementalist!
Press ? for a list of commands and other information!
The kobold misses you!
Things that butt here: a butt; a goblin corpse The kobold hits you with a whip!!! rip

.....!.K....g.K...s.........
######.###########....###. #.#
###....## #.# #....K.(# ... #K#
##.......# .... #g#
#...K....#######
......#s########.#.#..$.......#
.......(...(.)...#s#.........$#
################@#.#g.........#
#K#..).........#
#.sK...........#
#.#g#..........# ♣♣.PP♣.♣.PP
P#.#.############


P.PPPPPP♣PP P#...## PPPP.♣PP.P♣ P♣#..).########### PP.P♣PPPP
P♣♣P.#..(............ ♣PPPPP♣♣♣♣PPP.#.#((###.....(.. You could see a giant
cockroach, a goblin and a kobold.

Vanquished Creatures
  A ball python (D:1)
  4 bats (D:1)
  2 goblins (D:1)
  3 hobgoblins (D:1)
10 creatures vanquished.

Notes
Turn   | Place    | Note
-------+----------+-------------------------------------------
     0 | D:1      | Gorglomux the Hill Orc Earth Elementalist began the quest for the Orb.
     0 | D:1      | Reached XP level 1. HP: 14/14 MP: 3/3
    54 | D:1      | Reached skill level 1 in Fighting
   117 | D:1      | Reached XP level 2. HP: 19/24 MP: 1/4
   173 | D:1      | Slain by a kobold

Vault maps used:
D:1:      minmay_arrival_arboretum_large

Skill      XL: |  1  2 |
---------------+-------+-----
Fighting       | 1 2 |  2.3
Dodging        | |  1.5
Stealth        | |  1.5
Spellcasting   | |  1.5
Transmutations | |  0.6
Earth Magic    | |  3.0

Action                   || total
-------------------------++-------
Melee: Unarmed           ||    18
 Cast: Sandblast         ||    15
  Use: Potion            ||     1
Armor: Robe              ||    15
Dodge: Dodged            ||    51

Table legend:
 A = Spawn XP
 B = Non-spawn XP
 C = Spawn XP percentage of total XP
 D = Spawn monster count
 E = Non-spawn monster count
 F = Spawn count percentage of total count
 G = Total turns spent on level
                    A         B        C        D         E        F      G
               +---------+---------+-------+---------+---------+-------+---------
         Total |       2 |      15 |  11.8 |       1 |       9 |  10.0 |   173
               +---------+---------+-------+---------+---------+-------+---------
           D:1 |       2 |      15 |  11.8 |       1 |       9 |  10.0 |   173
               +---------+---------+-------+---------+---------+-------+---------
